 Dungeon Crawl Stone Soup version 0.17.0-23-g0de4337 (console) character file.

4674 nht the Bludgeoner (level 10, 0/98 HPs)
             Began as an Ogre Enchanter on Nov 14, 2015.
             Was a High Priest of Okawaru.
             Slain by a vampire mosquito (4 damage)
             ... on level 8 of the Dungeon.
             The game lasted 00:13:22 (8492 turns).

nht the Bludgeoner (Ogre Enchanter)                 Turns: 8492, Time: 00:13:22

Health: 0/98       AC:  9    Str: 18    XL:     10   Next: 44%
Magic:  13/13      EV: 10    Int: 14    God:    Okawaru [*****.]
Gold:   462        SH:  0    Dex: 10    Spells: 0 memorised, 13 levels left

rFire  + . .     SeeInvis .     a - +0 giant spiked club
rCold  + . .     Clarity  .     e - +2 robe {Archmagi}
rNeg   . . .     SustAt   .     (shield currently unavailable)
rPois  +         Gourm    .     (helmet restricted)
rElec  +         Spirit   .     (no cloak)
rCorr  +         Warding  .     (gloves unavailable)
rMut   .         Stasis   .     (boots unavailable)
MR     +....                    m - amulet of regeneration
Stlth  ++........               u - +4 ring of protection
                                j - ring of poison resistance

@: resistant, somewhat resistant to hostile enchantments, unstealthy
A: unfitting armour, spit poison 1, tough skin 1
a: Spit Poison, Heroism, Finesse, Renounce Religion


You were on level 8 of the Dungeon.
You worshipped Okawaru.
Okawaru was extremely pleased with you.
You were not hungry.

You visited 1 branch of the dungeon, and saw 8 of its levels.
You also visited: Sewer.

You collected 527 gold pieces.
You spent 65 gold pieces at shops.

Inventory:

Hand Weapons
 a - a +0 giant spiked club (weapon)
 s - a +0 flail
Missiles
 p - 17 tomahawks (quivered)
 y - a throwing net
Armour
 e - a +2 robe of the Archmagi (worn)
Jewellery
 j - a ring of poison resistance (left hand)
 m - an amulet of regeneration (around neck)
 o - an uncursed amulet of warding
 u - a +4 ring of protection (right hand)
Wands
 b - a wand of digging (11)
 h - a wand of lightning (0)
 i - a wand of teleportation (2)
 q - a wand of frost (30)
Scrolls
 c - a scroll of immolation {unknown}
 k - 3 scrolls of teleportation
 n - 5 scrolls of identify
 r - 2 scrolls of remove curse
 v - a scroll of enchant weapon {unknown}
 w - 2 scrolls of blinking {unknown}
 B - a scroll of magic mapping
 D - 2 scrolls of random uselessness {unknown}
 F - a scroll of fog {unknown}
Potions
 f - a potion of curing
 g - 2 potions of magic
 C - a potion of cure mutation
Comestibles
 d - 13 bread rations
 l - 4 meat rations
 x - 2 slices of pizza
 z - 6 beef jerkies
 E - 4 chunks of flesh


   Skills:
 + Level 5.8 Fighting
   Level 0.5 Short Blades
 * Level 15.9 Maces & Flails
 + Level 3.7 Throwing
 - Level 1.7 Dodging
 - Level 2.4 Stealth
 - Level 2.4 Spellcasting
   Level 2.1 Hexes
 + Level 3.9 Invocations


You had 13 spell levels left.
You didn't know any spells.

Dungeon Overview and Level Annotations

Branches:
Dungeon (8/15)             Temple (0/1) D:6
   Lair: D:8-11

Altars:
Ashenzari
Elyvilon
Kikubaaqudgha
Makhleb
Nemelex Xobeh
Okawaru
Vehumet
Yredelemnul
Zin
The Shining One

Shops:
D:5 *


Innate Abilities, Weirdness & Mutations

You are too large for most types of armour.
You have tough skin (AC +1).
You can spit weak poison.


Message History

The vampire mosquito closely misses you.
Something hits you but does no damage. Something hits you!
* * * LOW HITPOINT WARNING * * *
The vampire mosquito bites you but does no damage.
Drink which item? (? for menu, Esc to quit)
It was a potion of resistance.
You feel protected.
The vampire mosquito bites you but does no damage.
Something hits you but does no damage. Something hits you!
* * * LOW HITPOINT WARNING * * *
The vampire mosquito barely misses you.
Drink which item? (? for menu, Esc to quit)
You feel much better.
Your surroundings seem slightly different.
The vampire mosquito barely misses you. The shadow hits you!
* * * LOW HITPOINT WARNING * * *
Something hits you.
* * * LOW HITPOINT WARNING * * *
The vampire mosquito bites you.
You die... ███ (.$ █.█ █.██ ..S █Z█ █████ ██W██

█...█ █@y.█ ██
████.█████{██ █
.█
█.██.██(██.██.█
███ .█
█....(...(.)..█
██████.. .█
█.██.██.██(██/█
█....█.█ ██
████.█████.█ █
█....█.█ █.).█
..$ █....█.█


████ ████.████████ █....█.█ ...█████.██.██.█ █....█.█ █..██)'...÷[...█
██████....█.█ ......██.██.██.█ █...........█ You could see a vampire mosquito, a
shadow, an adder (wandering) and a centaur zombie.

Vanquished Creatures
  A troll (D:8)
  Sigmund (D:3)
  A yak (D:8)
  A vampire mosquito (D:8)
  Duvessa (D:4)
  An orc warrior (D:8)
  Purgy (Sewer)
  A phantom (D:5)
  2 black bears
  4 ogres
  A sky beast (D:5)
  2 centaurs
  A necrophage (D:8)
  16 big kobolds (D:8)
  Dowan (D:4)
  5 giant frogs
  2 scorpions (D:7)
  3 wights (D:8)
  A centaur zombie (D:7)
  5 crimson imps
  A giant frog zombie (D:6)
  3 hounds
  An orc priest (D:3)
  2 centaur skeletons
  Ijyb (D:3)
  A giant frog skeleton (D:4)
  A jelly (D:8)
  4 orc wizards
  8 worker ants
  2 iguanas
  Robin (D:4)
  A hound skeleton (D:5)
  A worker ant zombie (D:7)
  3 gnolls (D:5)
  6 adders
  An ooze (D:5)
  6 worms
  4 giant geckos
  11 orcs
  3 ball pythons
  11 bats
  18 goblins
  7 hobgoblins
  14 jackals
  3 quokkas
  5 giant cockroaches
  2 giant gecko skeletons
  5 giant newts
  17 kobolds
  2 quokka skeletons (D:5)
  9 rats
  A plant (D:4)
206 creatures vanquished.

Vanquished Creatures (others)
  A quokka (D:5)
  A plant (D:4)
2 creatures vanquished.

Grand Total: 208 creatures vanquished

Notes
Turn   | Place    | Note
--------------------------------------------------------------
     0 | D:1      | nht the Ogre Enchanter began the quest for the Orb.
     0 | D:1      | Reached XP level 1. HP: 16/16 MP: 3/3
    45 | D:1      | Reached skill level 1 in Fighting
   116 | D:1      | Reached XP level 2. HP: 11/28 MP: 5/5
   467 | D:1      | Reached skill level 1 in Maces & Flails
   794 | D:2      | Reached XP level 3. HP: 32/36 MP: 6/6
   831 | D:2      | HP: 1/36 [worm (1)]
  1228 | D:2      | Found a sparkling altar of Nemelex Xobeh.
  1364 | D:2      | Reached skill level 3 in Maces & Flails
  1402 | D:2      | Reached XP level 4. HP: 36/44 MP: 7/7
  1409 | D:2      | Found a faded altar to an unknown god.
  1428 | D:2      | Became a worshipper of Warmaster Okawaru
  1428 | D:2      | Reached * piety under Okawaru
  1549 | D:2      | Reached skill level 4 in Maces & Flails
  1934 | D:3      | Gained mutation: You are frail (-10% HP). [potion of mutation]
  1934 | D:3      | Gained mutation: You can spit weak poison. [potion of mutation]
  1965 | D:3      | Reached XP level 5. HP: 31/46 MP: 8/8
  1981 | D:3      | Noticed Sigmund
  2369 | D:3      | Reached skill level 5 in Maces & Flails
  2383 | D:3      | Found a basalt altar of Yredelemnul.
  2532 | D:4      | Noticed an ogre
  2614 | D:3      | Noticed Ijyb
  2664 | D:3      | Killed Ijyb
  2863 | D:3      | Killed Sigmund
  2863 | D:3      | Reached ** piety under Okawaru
  2863 | D:3      | Reached skill level 7 in Maces & Flails
  2863 | D:3      | Reached XP level 6. HP: 53/53 MP: 9/9
  3340 | D:3      | Found a radiant altar of Vehumet.
  3868 | D:4      | Found an iron altar of Okawaru.
  4171 | D:4      | Noticed Duvessa
  4171 | D:4      | Noticed Dowan
  4176 | D:4      | Killed Duvessa
  4176 | D:4      | Reached skill level 8 in Maces & Flails
  4176 | D:4      | Reached XP level 7. HP: 59/59 MP: 10/10
  4182 | D:4      | Killed Dowan
  4182 | D:4      | Reached skill level 9 in Maces & Flails
  4474 | D:4      | Noticed Robin
  4495 | D:4      | Killed Robin
  4587 | D:4      | Found a glowing silver altar of Zin.
  4735 | D:4      | Killed an ogre
  4861 | D:4      | Reached skill level 10 in Maces & Flails
  5074 | D:5      | Entered Level 5 of the Dungeon
  5117 | D:5      | Found a white marble altar of Elyvilon.
  5234 | D:5      | Reached XP level 8. HP: 66/66 MP: 11/11
  5404 | D:5      | Found Liuvutoh's General Store.
  5412 | D:5      | Bought a scroll of identify for 26 gold pieces
  5412 | D:5      | Bought a scroll of teleportation for 39 gold pieces
  5545 | D:5      | Reached skill level 11 in Maces & Flails
  5789 | D:5      | Found a glowing golden altar of the Shining One.
  5825 | D:5      | Reached *** piety under Okawaru
  6103 | D:5      | Reached skill level 12 in Maces & Flails
  6499 | D:5      | Found a burning altar of Makhleb.
  6532 | D:6      | Reached skill level 13 in Maces & Flails
  6550 | D:6      | Found a glowing drain.
  6559 | Sewer    | Entered a sewer
  6615 | Sewer    | Noticed Purgy
  6619 | Sewer    | Lost mutation: You are frail (-10% HP). [potion of cure mutation]
  6631 | Sewer    | Killed Purgy
  6762 | D:6      | Found a staircase to the Ecumenical Temple.
  6808 | D:6      | Found an ancient bone altar of Kikubaaqudgha.
  6818 | D:6      | Reached XP level 9. HP: 80/80 MP: 12/12
  7187 | D:7      | Reached skill level 14 in Maces & Flails
  7234 | D:7      | Reached **** piety under Okawaru
  7851 | D:8      | Reached skill level 15 in Maces & Flails
  7851 | D:8      | Reached skill level 1 in Throwing
  7920 | D:8      | Reached skill level 1 in Invocations
  8030 | D:8      | Found a shattered altar of Ashenzari.
  8263 | D:8      | Reached XP level 10. HP: 76/94 MP: 13/13
  8268 | D:8      | Reached ***** piety under Okawaru
  8288 | D:8      | Reached skill level 5 in Fighting
  8491 | D:8      | HP: 1/98 [something (8)]
  8492 | D:8      | Slain by a vampire mosquito

Action                   |  1- 3 |  4- 6 |  7- 9 | 10-12 || total
-------------------------+-------+-------+-------+-------++-------
Melee: Dagger            |   148 |   247 |       |       ||   395
       Mace              |       |       |   212 |       ||   212
       Flail             |       |       |   213 |       ||   213
       Giant spiked club |       |       |    70 |    87 ||   157
Throw: Tomahawk          |     4 |       |       |       ||     4
Invok: Heroism           |       |       |     4 |       ||     4
Evoke: Wand              |       |     6 |     6 |       ||    12
  Use: Potion            |     2 |     4 |     2 |     2 ||    10
       Scroll            |       |     7 |     5 |     1 ||    13
 Stab: Sleeping          |     4 |     2 |     5 |       ||    11
       Invisible         |       |       |     4 |       ||     4
  Eat: Chunk             |     2 |     8 |    15 |     2 ||    27
       Pizza             |       |     1 |       |       ||     1
